 Dungeon Crawl Stone Soup version 0.21.1-1-g345015f (webtiles) character file.

101 Fang the Skirmisher (level 4, -2/43 HPs)
             Began as a Gargoyle Berserker on May 25, 2018.
             Was a Believer of Trog.
             Hit by a javelin thrown by a gnoll (5 damage)
             ... on level 3 of the Dungeon.
             The game lasted 00:02:30 (1878 turns).

Fang the Skirmisher (Gargoyle Berserker)            Turns: 1878, Time: 00:02:30

Health: -2/43      AC:  7    Str: 29    XL:     4   Next: 75%
Magic:  4/4        EV: 12    Int:  8    God:    Trog [**....]
Gold:   128        SH:  0    Dex:  9    Spells: 3/3 levels left

rFire    . . .     SeeInvis +   o - +1 war axe (flame)
rCold    . . .     Gourm    .   (no shield)
rNeg     + . .     Faith    .   b - +0 animal skin
rPois    ∞         Spirit   .   e - +2 hat
rElec    +         Reflect  .   (no cloak)
rCorr    .         Harm     .   (no gloves)
MR       .....                  (no boots)
Stlth    ..........             (no amulet)
HPRegen  0.14/turn              g - ring of see invisible
MPRegen  0.09/turn              i - +3 ring of strength

@: berserking, very quick
A: negative energy resistance 1, electricity resistance, unbreathing,
petrification resistance, rot immunity, AC +3
a: Berserk, Trog's Hand, Burn Spellbooks, Renounce Religion


You were on level 3 of the Dungeon.
You worshipped Trog.
Trog was pleased with you.
You were very hungry.

You visited 1 branch of the dungeon, and saw 3 of its levels.

You collected 128 gold pieces.

Inventory:

Hand Weapons
 o - a +1 war axe of flaming (weapon)
Armour
 b - a +0 animal skin (worn)
 e - a +2 hat (worn)
Jewellery
 g - a ring of see invisible (left hand)
 i - a +3 ring of strength (right hand)
Scrolls
 f - 3 scrolls of amnesia {unknown}
 h - 2 scrolls of blinking {unknown}
 k - a scroll of teleportation {unknown}
 m - a scroll of identify {unknown}
Potions
 d - a potion of heal wounds {unknown}
 j - a potion of lignification {unknown}
 l - a potion of mutation {unknown}
 n - a potion of curing {unknown}
Comestibles
 a - a chunk of flesh
 c - 7 rations


   Skills:
 + Level 4.0 Fighting
 + Level 3.9 Axes
 + Level 2.3 Armour
 + Level 2.2 Dodging
 + Level 0.2 Stealth


You had 3 spell levels left.
You didn't know any spells.

Dungeon Overview and Level Annotations

Branches:
Dungeon (3/15)

Altars:
Kikubaaqudgha


Innate Abilities, Weirdness & Mutations

You are resistant to torment.
Your stone body is resilient. (AC +3)
You are immune to poison.
You resist negative energy. (rN+)
You are resistant to electric shocks. (rElec)
You can survive without breathing.
You are immune to petrification.
You are immune to rotting.


Message History

You are too injured to fight recklessly!
A red film seems to cover your vision as you go berserk!
You feel yourself moving faster!
You feel mighty!
You are feeling very hungry.
The gnoll shouts!
You hear a shout!
The gnoll drinks a potion.
The gnoll seems to grow stronger.
You completely miss the gnoll.
The gnoll hits you from afar with a spear!
The gnoll hits you with a spear!
* * * LOW HITPOINT WARNING * * *
A gnoll comes into view.
Unknown command.
You slash the gnoll! You burn the gnoll.
You kill the gnoll!
Trog accepts your kill. The gnoll closely misses you.
The gnoll throws a javelin.
The javelin misses you.
Unknown command.
The gnoll misses you.
The gnoll throws a javelin.
The javelin hits you.
You die...

......###..
...........
...........
...........
#........ ####
#........ g..
###.#†)).
#.####.######
#..[<##
#.....g@(...#
######.###
#.##...####.#
#......#..
#...... #.#
#.######.#
####.##
#.###.........
...
#.....######..
### #.###.#
#.# #.# #.#
#.# ### #.#
### ..#


You could see 2 gnolls.

Vanquished Creatures
  2 adders
  2 gnolls
  3 worms
  A dart slug (D:1)
  2 leopard geckos
  4 orcs (D:3)
  2 bat zombies (D:2)
  5 goblins
  4 hobgoblins
  4 jackals (D:1)
  6 kobolds
  4 bats
  4 frilled lizards
  4 rats
  A rat zombie (D:2)
48 creatures vanquished.

Notes
Turn   | Place    | Note
-------+----------+-------------------------------------------
     0 | D:1      | Fang the Gargoyle Berserker began the quest for the Orb.
     0 | D:1      | Reached XP level 1. HP: 14/14 MP: 1/1
   470 | D:1      | Reached XP level 2. HP: 17/19 MP: 2/2
   917 | D:1      | Reached XP level 3. HP: 22/24 MP: 3/3
  1400 | D:2      | Reached XP level 4. HP: 28/29 MP: 4/4
  1501 | D:2      | Reached ** piety under Trog
  1693 | D:2      | Found an ancient bone altar of Kikubaaqudgha.
  1779 | D:3      | Reached skill level 4 in Fighting
  1878 | D:3      | Hit by a javelin thrown by a gnoll

Skill      XL: |  1  2  3  4 |
---------------+-------------+-----
Axes           | 3 |  3.9
Dodging        | 2 |  2.2
Fighting       | 4 |  4.0
Armour         | |  2.3
Stealth        | |  0.2

Action                   |  1- 3 |  4- 6 || total
-------------------------+-------+-------++-------
Melee: Hand axe          |   101 |    48 ||   149
       War axe           |       |    13 ||    13
Invok: Berserk           |       |     1 ||     1
  Eat: Chunk             |     2 |     1 ||     3
Armor: Animal skin       |    41 |    36 ||    77
Dodge: Dodged            |    69 |    48 ||   117
